 Dungeon Sprint DCSS version 0.26-a0-708-g17f3b190f9 (webtiles) character file.

Game seed: 3644616862256131609

49428 schets the Fruitful (level 14, -3/135 HPs)
             Began as a Demonspawn Monk on Oct 28, 2020.
             Was a Priest of Fedhas.
             Slain by a bone dragon (8 damage)
             ... in the Dungeon (Sprint VII: "The Pits").
             The game lasted 00:16:42 (3817 turns).

schets the Fruitful (Demonspawn Monk)               Turns: 3817, Time: 00:16:42

Health: -3/135     AC: 23    Str: 19    XL:     14   Next: 16%
Magic:  4/31       EV: 16    Int: 20    God:    Fedhas [***...]
Gold:   0          SH:  0    Dex: 15    Spells: 23/23 levels left

rFire    + . .     SeeInvis .   e - +6 rapier of the Shoals {vorpal, rF+ Int+3}
rCold    + . .     Faith    .   (no shield)
rNeg     . . .     Spirit   .   t - +4 chain mail
rPois    .         Reflect  .   (no helmet)
rElec    .         Harm     .   v - +0 cloak
rCorr    .         Rampage  .   u - +0 pair of gloves
MR       +....     NoTele   +   (no boots)
Stlth    ..........             (no amulet)
HPRegen  0.32/turn              n - +3 ring of strength
MPRegen  0.22/turn              q - +3 ring of protection

@: no status effects
A: talons 2, cold resistance 1, spiny 1, freezing cloud immunity, big brain 2
a: Wall of Briars, Grow Ballistomycete, Renounce Religion


You were in the Dungeon.
You worshipped Fedhas.
Fedhas was most pleased with you.
You visited 1 branch

Inventory:

Hand Weapons
 a - a +0 hand axe
 e - the +6 rapier of the Shoals (weapon) {vorpal, rF+ Int+3}
   (You found it in the Dungeon)

   It inflicts extra damage upon your enemies.
   It affects your intelligence (+3).
   It protects you from fire.
 r - a +2 halberd of protection
Armour
 b - a +0 robe
 m - a +3 scale mail
 s - a +0 cloak
 t - a +4 chain mail (worn)
 u - a +0 pair of gloves (worn)
 v - a +0 cloak (worn)
Jewellery
 n - a +3 ring of strength (left hand)
 q - a +3 ring of protection (right hand)
Scrolls
 j - 3 scrolls of remove curse
 k - 5 scrolls of amnesia
 l - a scroll of summoning
Potions
 c - 7 potions of curing
 d - 2 potions of heal wounds
 f - 2 potions of magic
 g - 3 potions of berserk rage
 i - 2 potions of invisibility
 o - a potion of brilliance
 p - a potion of stabbing


   Skills:
 + Level 20.1 Fighting
 - Level 2.6 Axes
 + Level 14.8 Armour
 + Level 15.1 Dodging
 - Level 1.7 Stealth
 + Level 5.4 Spellcasting
 O Level 27 Invocations


You had 23 spell levels left.
You didn't know any spells.
Your spell library was empty.

Dungeon Overview and Level Annotations

Branches:
Dungeon (1/1)

Altars:
Ashenzari
Cheibriados
Dithmenos
Elyvilon
Fedhas
Gozag
Hepliaklqana
Kikubaaqudgha
Makhleb
Nemelex Xobeh
Okawaru
Qazlal
Ru
Sif Muna
Trog
Uskayaw
Vehumet
Wu Jian
Xom
Yredelemnul
Zin
The Shining One
Beogh
Jiyva
Lugonu


Innate Abilities, Weirdness & Mutations

You have razor-sharp toenails.
Your flesh is cold resistant. (rC+)
You are partially covered in sharp spines.
You are immune to freezing clouds.
You have an extremely huge brain. (Int +4)


Message History

The emperor scorpion convulses! x3; Your body is wracked with pain!
* * * LOW HITPOINT WARNING * * *
The bone dragon barely misses you. x2
The bone dragon tramples you but does no damage.
The ancient lich touches you but does no damage.
The bone dragon moves out of view.
Unknown command.
Unknown command.
You hit the wraith but do no damage.
A bat simulacrum comes into view.
The greater mummy points at you and mumbles some strange words.
Something smites you!
* * * LOW HITPOINT WARNING * * *
The ancient lich barely misses you.
A skeletal warrior comes into view. It is wielding a +0 glaive.
The bone dragon bites you.
* * * LOW HITPOINT WARNING * * *
The bone dragon claws you!
You die...
Fedhas appreciates your contribution to the ecosystem. .## ##............# ##DMZZ

..###...........P.##M...DZ
...#...........P......LZnz
...#............P)nz#########+###
#..#.............M..............P
#...............ss##............P
#.............W{sD###############
#..............DL.#
#..#..........zL@.#
...#...........W..#
...#..............#
..###............## .##
##..........## # ##........##
####))#### #######)'####
###.....().(..###


You could see a greater mummy, 2 bone dragons, a ghoul, 3 emperor scorpions, an
ancient lich (fast), a lich (fast), a mummy priest, 2 skeletal warriors, a
freezing wraith (summoned), a wraith (summoned) and 3 friendly ballistomycetes.

Vanquished Creatures
  Mara (D)
  Boris (D)
  Nikola (D)
  A hellephant (D)
  An Orb Guardian (D)
  A death cob (D)
  An azure jelly (D)
  An anaconda (D)
  An alligator (D)
  2 unseen horrors (D)
  A deep troll (D)
  2 wizards (D)
  A black mamba (D)
  A jumping spider (D)
  A tyrant leech (D)
  A redback (D)
  3 floating eyes (D)
  A black bear (D)
  An ogre (D)
  An eye of draining (D)
  A jelly (D)
  A mummy (D)
  An ooze (D)
  4 jackals (D)
  2 frilled lizards (D)
  A kobold (D)
  A leopard gecko zombie (D)
35 creatures vanquished.

Vanquished Creatures (collateral kills)
  Khufu (D)
  2 greater mummies (D)
  A Killer Klown (D)
  Xtahua (D)
  6 Orb Guardians (D)
  A sphinx (D)
  A storm dragon (D)
  2 fire giants (D)
  A draconian scorcher (D)
  A deep elf demonologist (D)
  A blizzard demon (D)
  A yaktaur captain (D)
  A green death (D)
  A deep troll shaman (D)
  An alligator snapping turtle (D)
  5 hell knights (D)
  A deep troll (D)
  An iron troll (D)
  A necromancer (D)
  An elephant (D)
  2 yaktaurs (D)
  A polar bear (D)
  A flying skull (D)
  A wraith (D)
  A fire bat (D)
  A water elemental (D)
  An eye of draining (D)
  2 necrophages (D)
  A bullfrog (D)
  A hound (D)
  An iguana (D)
  2 adder zombies (D)
  A bat skeleton (D)
  A goblin (D)
  2 rats (D)
  31 ballistomycete spores (D)
81 creatures vanquished.

Vanquished Creatures (others)
  An ogre mage (D)
  A wandering mushroom (D)
  2 ballistomycete spores (D)
4 creatures vanquished.

Grand Total: 120 creatures vanquished

Notes
Turn   | Place    | Note
-------+----------+-------------------------------------------
     0 | D        | schets the Demonspawn Monk began the quest for the Orb.
     0 | D        | Reached XP level 1. HP: 18/18 MP: 1/1
    12 | D        | Reached skill level 1 in Armour
    22 | D        | Found a bloodstained altar of Trog.
    22 | D        | Found a shimmering blue altar of Sif Muna.
    22 | D        | Found a viscous altar of Jiyva.
    22 | D        | Found a hazy altar of Hepliaklqana.
    22 | D        | Found an opulent altar of Gozag.
    23 | D        | Found a glowing golden altar of the Shining One.
    23 | D        | Found a glowing silver altar of Zin.
    23 | D        | Found a basalt altar of Yredelemnul.
    23 | D        | Found a shimmering altar of Xom.
    23 | D        | Found an ornate altar of the Wu Jian Council.
    23 | D        | Found a sacrificial altar of Ru.
    23 | D        | Found a stormy altar of Qazlal.
    23 | D        | Found an iron altar of Okawaru.
    23 | D        | Found a sparkling altar of Nemelex Xobeh.
    23 | D        | Found a burning altar of Makhleb.
    23 | D        | Found a blossoming altar of Fedhas.
    23 | D        | Found a white marble altar of Elyvilon.
    23 | D        | Found a shadowy altar of Dithmenos.
    23 | D        | Found a snail-covered altar of Cheibriados.
    27 | D        | Found a roughly hewn altar of Beogh.
    27 | D        | Found a corrupted altar of Lugonu.
    27 | D        | Found a radiant altar of Vehumet.
    28 | D        | Found a broken altar of Ashenzari.
    28 | D        | Found an ancient bone altar of Kikubaaqudgha.
    28 | D        | Found a hide-covered altar of Uskayaw.
    31 | D        | Became a worshipper of Fedhas Madash
    31 | D        | Reached * piety under Fedhas
    31 | D        | Reached ** piety under Fedhas
   296 | D        | Reached skill level 1 in Invocations
   297 | D        | Noticed a floating eye
   303 | D        | Paralysed by a floating eye for 2 turns
   310 | D        | Killed a floating eye
   310 | D        | Reached *** piety under Fedhas
   310 | D        | Reached skill level 10 in Invocations
   310 | D        | Gained mutation: Your flesh is cold resistant. (rC+)
                  | [demonic ancestry]
   310 | D        | Reached XP level 2. HP: 25/25 MP: 1/8
   310 | D        | Gained mutation: You have sharp toenails. [demonic
                  | ancestry]
   310 | D        | Reached XP level 3. HP: 30/30 MP: 1/9
   310 | D        | Reached XP level 4. HP: 37/37 MP: 1/11
   500 | D        | Noticed a floating eye
   518 | D        | Noticed a necrophage
   520 | D        | Paralysed by a floating eye for 4 turns
   527 | D        | Paralysed by a floating eye for 2 turns
   530 | D        | Paralysed by a floating eye for 3 turns
   538 | D        | Paralysed by a floating eye for 4 turns
   548 | D        | Paralysed by a floating eye for 3 turns
   548 | D        | Killed a necrophage
   548 | D        | Reached skill level 11 in Invocations
   548 | D        | Reached XP level 5. HP: 32/42 MP: 13/13
   556 | D        | Killed a floating eye
   556 | D        | Reached skill level 13 in Invocations
   790 | D        | Noticed a flying skull
   790 | D        | Noticed a necrophage
   800 | D        | Reached **** piety under Fedhas
   800 | D        | Reached XP level 6. HP: 51/51 MP: 12/15
   803 | D        | Killed a flying skull
   803 | D        | Reached skill level 14 in Invocations
   815 | D        | Reached skill level 15 in Invocations
   816 | D        | Reached ***** piety under Fedhas
   864 | D        | Noticed a floating eye
   867 | D        | Killed a floating eye
   867 | D        | Gained mutation: You are immune to freezing clouds.
                  | [demonic ancestry]
   867 | D        | Reached XP level 7. HP: 60/60 MP: 18/18
   869 | D        | Noticed a polar bear
   878 | D        | Killed a polar bear
   878 | D        | Reached skill level 16 in Invocations
  1064 | D        | Noticed a wraith
  1064 | D        | Noticed an elephant
  1065 | D        | Killed an elephant
  1065 | D        | Reached skill level 17 in Invocations
  1067 | D        | Killed a wraith
  1072 | D        | Noticed a fire bat
  1073 | D        | Killed a fire bat
  1253 | D        | Noticed a fire giant
  1253 | D        | Noticed a fire giant
  1253 | D        | Noticed a green death
  1253 | D        | Noticed an alligator snapping turtle
  1253 | D        | Noticed a sphinx
  1256 | D        | Noticed a hellephant
  1257 | D        | Killed an alligator snapping turtle
  1257 | D        | Reached skill level 10 in Fighting
  1257 | D        | Reached skill level 18 in Invocations
  1257 | D        | Gained mutation: You have an unusually large brain. (Int
                  | +2) [demonic ancestry]
  1257 | D        | Reached XP level 8. HP: 44/71 MP: 15/21
  1259 | D        | Killed a green death
  1259 | D        | Reached skill level 19 in Invocations
  1260 | D        | Killed a fire giant
  1260 | D        | Reached skill level 20 in Invocations
  1260 | D        | Reached XP level 9. HP: 51/80 MP: 15/23
  1261 | D        | Noticed a blizzard demon
  1263 | D        | Killed a sphinx
  1263 | D        | Reached skill level 21 in Invocations
  1265 | D        | Killed a fire giant
  1265 | D        | Reached skill level 22 in Invocations
  1272 | D        | Killed a blizzard demon
  1272 | D        | Reached XP level 10. HP: 60/91 MP: 12/25
  1273 | D        | Noticed an azure jelly
  1274 | D        | Killed a hellephant
  1274 | D        | Reached skill level 23 in Invocations
  1288 | D        | Killed an azure jelly
  1288 | D        | Reached skill level 24 in Invocations
  1436 | D        | Noticed Xtahua
  1436 | D        | Noticed an Orb Guardian
  1436 | D        | Noticed an Orb Guardian
  1436 | D        | Noticed an Orb Guardian
  1436 | D        | Noticed an Orb Guardian
  1438 | D        | Killed an Orb Guardian
  1440 | D        | Killed an Orb Guardian
  1440 | D        | Gained mutation: You are partially covered in sharp spines.
                  | [demonic ancestry]
  1440 | D        | Reached XP level 11. HP: 101/101 MP: 2/27
  1442 | D        | Killed an Orb Guardian
  1442 | D        | Reached skill level 5 in Dodging
  1442 | D        | Reached skill level 25 in Invocations
  1443 | D        | Noticed a storm dragon
  1443 | D        | Killed an Orb Guardian
  1443 | D        | Reached skill level 5 in Armour
  1444 | D        | Killed Xtahua
  1444 | D        | Reached skill level 15 in Fighting
  1445 | D        | Noticed an Orb Guardian
  1447 | D        | Killed a storm dragon
  1448 | D        | Killed an Orb Guardian
  1448 | D        | Reached skill level 26 in Invocations
  1455 | D        | Noticed a Killer Klown
  1456 | D        | Noticed a hell knight
  1458 | D        | Noticed a hell knight
  1458 | D        | Killed a hell knight
  1459 | D        | Noticed an Orb Guardian
  1460 | D        | Killed a hell knight
  1460 | D        | Killed an Orb Guardian
  1461 | D        | Noticed a hell knight
  1461 | D        | Killed a hell knight
  1461 | D        | Reached ****** piety under Fedhas
  1461 | D        | Reached XP level 12. HP: 64/111 MP: 6/29
  1465 | D        | Noticed a green draconian scorcher
  1466 | D        | Killed a Killer Klown
  1467 | D        | Killed a green draconian scorcher
  1468 | D        | Noticed a deep troll shaman
  1468 | D        | Reached skill level 27 in Invocations
  1470 | D        | Noticed an Orb Guardian
  1470 | D        | Killed a deep troll shaman
  1471 | D        | Killed an Orb Guardian
  1474 | D        | Noticed a yaktaur captain
  1475 | D        | Killed a yaktaur captain
  1478 | D        | Reached skill level 10 in Dodging
  1479 | D        | Noticed Boris
  1555 | D        | Killed Boris
  1555 | D        | Reached skill level 10 in Armour
  2156 | D        | Noticed Mara
  2162 | D        | Noticed schets's illusion
  2170 | D        | Killed Mara
  2170 | D        | Gained mutation: You have razor-sharp toenails. [demonic
                  | ancestry]
  2170 | D        | Reached XP level 13. HP: 122/122 MP: 18/30
  2376 | D        | Noticed a greater mummy
  2377 | D        | Noticed Khufu
  2377 | D        | Noticed a greater mummy
  2378 | D        | Noticed an emperor scorpion
  2389 | D        | Killed a greater mummy
  2394 | D        | Killed a greater mummy
  2395 | D        | Noticed an emperor scorpion
  2395 | D        | Killed Khufu
  3012 | D        | Noticed Nikola
  3061 | D        | Killed Nikola
  3229 | D        | Paralysed by a wizard for 4 turns
  3266 | D        | Gained mutation: You have an extremely huge brain. (Int +4)
                  | [demonic ancestry]
  3266 | D        | Reached XP level 14. HP: 131/134 MP: 27/31
  3622 | D        | Noticed a death cob
  3623 | D        | Identified the +6 rapier of the Shoals {vorpal, rF+ Int+3}
  3636 | D        | Killed a death cob
  3636 | D        | Reached skill level 15 in Dodging
  3636 | D        | Reached skill level 5 in Spellcasting
  3790 | D        | Noticed a greater mummy
  3790 | D        | Noticed a lich
  3790 | D        | Noticed an ancient lich
  3790 | D        | Noticed a bone dragon
  3790 | D        | Noticed a bone dragon
  3790 | D        | Noticed a ghoul
  3801 | D        | Paralysed by something for 4 turns
  3812 | D        | Noticed a bone dragon
  3816 | D        | Noticed a bone dragon
  3816 | D        | Noticed an emperor scorpion
  3816 | D        | Noticed an emperor scorpion
  3816 | D        | Noticed an emperor scorpion
  3817 | D        | HP: 5/135 [bone dragon (2)]
  3817 | D        | Slain by a bone dragon

Illustrated notes

Levels and vault maps discovered:
D:        pitsprint [storerooms_1, entrance_room_1, metal_vault_6, armoury_3,
          mini_pit_1, grid_room_1, main_hall_1, silver_pit, the_coven_2,
          the_vestibule_1, steel_vault_5, golden_pit, hallway_of_sentries,
          crystal_vault_5, iron_vault_2, final_vault]

Skill      XL: |  1  2  3  4  5  6  7  8  9 10 11 12 13 14 |
---------------+-------------------------------------------+-----
Armour         | 1 3 7 11 14 | 14.8
Dodging        | 3 4 8 12 14 15 | 15.1
Invocations    | 10 11 13 15 18 20 22 24 26 27 | 27.0
Fighting       | 4 6 7 10 11 12 14 15 18 19 20 | 20.1
Spellcasting   | 3 5 |  5.4
Axes           | |  2.6
Stealth        | |  1.7

Action                   |  1- 3 |  4- 6 |  7- 9 | 10-12 | 13-15 || total
-------------------------+-------+-------+-------+-------+-------++-------
Melee: Hand axe          |    24 |    14 |       |       |       ||    38
       Kick              |       |     8 |       |       |     8 ||    16
       Halberd           |       |       |       |     4 |    19 ||    23
       Rapier            |       |       |       |       |     1 ||     1
Invok: Wall of Briars    |       |     3 |     2 |     4 |     3 ||    12
       Grow Oklob        |       |       |     6 |     6 |     3 ||    15
       Grow Ballistomyce |       |       |     1 |     6 |    17 ||    24
       Overgrow          |       |       |     1 |       |     5 ||     6
  Use: Potion            |     1 |       |     3 |     2 |     9 ||    15
       Scroll            |       |       |       |       |     1 ||     1
Armor: Robe              |     1 |     3 |       |       |       ||     4
       Scale mail        |       |     7 |     2 |       |       ||     9
       Chain mail        |       |       |       |     6 |    59 ||    65
Dodge: Dodged            |     9 |     5 |     3 |     5 |    39 ||    61

Table legend: (Time is in decaauts)
 A = Elapsed time spent in this place.
 B = Non-inter-level travel time spent in this place.
 C = Inter-level travel time spent in this place.
 D = Time resting spent in this place.
 E = Time spent auto-exploring this place.
 F = Levels seen in this place.
 G = Mean time per level.
                   A        B        C        D        E       F      G
               +--------+--------+--------+--------+--------+-----+--------+
         Total |   3861 |   3660 |    201 |   2407 |      0 |   1 | 3861.0 |
       Dungeon |   3861 |   3660 |    201 |   2407 |      0 |   1 | 3861.0 |
               +--------+--------+--------+--------+--------+-----+--------+

Top non-repeatable levels by time:
       D: 3861 daAuts
